 Dungeon Crawl Stone Soup version 0.25-a0-294-gea9b1ad378 (webtiles) character file.

Game seed: 1006922659118821288, levelgen mode: classic

8987 Borgoz the Fighter (level 11, 0/72 HPs)
             Began as a Gargoyle Berserker on Dec 19, 2019.
             Was a High Priest of Trog.
             Splashed by a brown ugly thing's acid (8 damage)
             ... on level 11 of the Dungeon.
             The game lasted 00:16:55 (10263 turns).

Borgoz the Fighter (Gargoyle Berserker)            Turns: 10263, Time: 00:16:56

Health: 0/72       AC: 18    Str: 22    XL:     11   Next: 39%
Magic:  11/11      EV: 16    Int:  7    God:    Trog [*****.]
Gold:   637        SH:  0    Dex: 18    Spells: 10/10 levels left

rFire    + + .     SeeInvis .   G - +8 morningstar of Impermanence {crush, rF+ rC- Dex+6 Stlth+}
rCold    x . .     Gourm    .   (no shield)
rNeg     + + .     Faith    .   f - +1 ring mail {rF+}
rPois    ∞         Spirit   .   g - +1 helmet
rElec    +         Reflect  .   (no cloak)
rCorr    .         Harm     .   (no gloves)
MR       ++...                  w - +2 pair of boots
Stlth    ++........             (no amulet)
HPRegen  1.22/turn              i - ring of positive energy
MPRegen  0.12/turn              (no ring)

@: corroded, regenerating
A: negative energy resistance 1, electricity resistance, unbreathing,
petrification resistance, rot immunity, AC +8
a: Berserk, Trog's Hand, Brothers in Arms, Renounce Religion


You were on level 11 of the Dungeon.
You worshipped Trog.
Trog was extremely pleased with you.
You were hungry.

You visited 1 branch of the dungeon, and saw 11 of its levels.

You collected 662 gold pieces.
You spent 25 gold pieces at shops.

Inventory:

Hand Weapons
 G - the +8 morningstar of Impermanence (weapon) {crush, rF+ rC- Dex+6 Stlth+}
   (You found it on level 10 of the Dungeon)

   It inflicts extra damage upon your enemies.
   It affects your dexterity (+6).
   It protects you from fire.
   It makes you vulnerable to cold.
   It makes you more stealthy.
Missiles
 r - 14 silver boomerangs
 u - 3 throwing nets (quivered)
Armour
 f - a +1 ring mail of fire resistance (worn)
 g - a +1 helmet (worn)
 w - a +2 pair of boots (worn)
Jewellery
 b - an uncursed ring of flight
 i - a ring of positive energy (left hand)
 o - an uncursed ring of fire
 E - an uncursed ring of fire
Wands
 a - a wand of paralysis (4)
 q - a wand of enslavement (5)
 t - a wand of polymorph (8)
 v - a wand of acid (3)
 y - a wand of iceblast (15)
 A - a wand of clouds (5)
 J - a wand of flame (10)
Scrolls
 e - a scroll of holy word {unknown}
 j - 3 scrolls of teleportation
 k - 4 scrolls of noise {unknown}
 x - a scroll of fear
 z - 4 scrolls of remove curse
 B - 2 scrolls of silence
 D - a scroll of fog
 H - 4 scrolls of identify
 I - a scroll of blinking
 K - 2 scrolls of enchant armour
 N - a scroll of magic mapping {unknown}
Potions
 d - 2 potions of agility
 h - a potion of invisibility
 l - 3 potions of magic
 m - 5 potions of curing
 n - 4 potions of flight
 p - 3 potions of might
 s - a potion of brilliance
 C - a potion of heal wounds
 F - a potion of haste
 L - a potion of mutation {unknown}
Comestibles
 c - 11 rations
 M - 11 chunks of flesh


   Skills:
 + Level 10.1 Fighting
 + Level 9.3 Maces & Flails
 + Level 9.8 Armour
 + Level 7.5 Dodging


You had 10 spell levels left.
You didn't know any spells.
Your spell library was empty.

Dungeon Overview and Level Annotations

Branches:
Dungeon (11/15)            Temple (0/1) D:5            Lair (0/6) D:11
    Orc: D:9-12

Altars:
Ashenzari
Cheibriados
Elyvilon
Gozag
Hepliaklqana
Okawaru
Ru
Uskayaw
Vehumet
Wu Jian
Xom
Yredelemnul
Zin
Beogh

Shops:
D:4 *

Annotations:
D:9 2 transporters, Lanoc's ghost, novice OgVM


Innate Abilities, Weirdness & Mutations

You are resistant to torment.
Your stone body is resilient. (AC +8)
You are immune to poison.
You resist negative energy. (rN+)
You are resistant to electric shocks. (rElec)
You can survive without breathing.
You are immune to petrification.
You are immune to rotting.


Message History

The brown ugly thing kicks you but does no damage.
You closely miss the brown ugly thing.
The brown ugly thing is heavily wounded.
The brown ugly thing misses you.
You closely miss the brown ugly thing.
The brown ugly thing is heavily wounded.
The brown ugly thing kicks you.
You are splashed with acid!
* * * LOW HITPOINT WARNING * * *
Evoke which item? (* to show all) (? for menu, Esc to quit)
Okay, then.
Okay, then.
Evoke which item? (* to show all) (? for menu, Esc to quit)
Okay, then.
Your skin crawls.
You feel resistant to hostile enchantments.
You are feeling hungry.
The brown ugly thing kicks you!
* * * LOW HITPOINT WARNING * * *
You are splashed with acid!
You die...

###### .....# ####.#
####### ..<..#
#.....######## ##...#
#.#.....@uooo...
#.#.##.#.#.._..########
##.#.##.#.#(....#
...#..#.#.#.....#
####..#.#.#..#### #
#..#.#.#.## #
#....#.#.#######
####.#..#.#........
...........[.......


You could see a brown ugly thing and 3 orcs.

Vanquished Creatures
  Erolcha (D:9)
  An unseen horror (D:10)
  A cyclops (D:11)
  A centaur skeleton (D:10)
  A troll (D:11)
  A hornet (D:8)
  A spriggan (D:8)
  7 wraiths
  A wyvern (D:9)
  A hungry ghost (D:10)
  2 steam dragons (D:7)
  3 wargs (D:11)
  4 orc warriors
  3 sky beasts
  2 black bears (D:11)
  2 centaurs
  A necrophage (D:10)
  3 ogres
  A crocodile (D:8)
  A big kobold (D:9)
  6 bullfrogs
  4 scorpions
  9 wights
  10 killer bees
  A howler monkey (D:6)
  2 crimson imps (D:5)
  A bullfrog zombie (D:7)
  4 jellies
  5 orc wizards
  7 orc priests
  A quasit (D:6)
  6 hounds
  A bullfrog skeleton (D:9)
  4 iguanas
  Jessica (D:3)
  Ijyb (D:3)
  8 worker ants
  A killer bee zombie (D:10)
  3 hound zombies (D:6)
  2 hound skeletons
  8 gnolls
  13 adders
  4 shadow imps
  An adder zombie (D:5)
  3 oozes
  2 adder skeletons
  A worm (D:4)
  A dart slug (D:3)
  6 leopard geckos
  48 orcs
  10 bats
  6 giant cockroaches
  5 goblins (D:1)
  8 hobgoblins
  7 jackals
  4 quokkas
  13 frilled lizards
  14 kobolds
  2 leopard gecko skeletons
  A leopard gecko zombie (D:5)
  5 rats
277 creatures vanquished.

Vanquished Creatures (others)
  A bullfrog (D:11)
  2 orc wizards (D:11)
  An orc (D:11)
4 creatures vanquished.

Grand Total: 281 creatures vanquished

Notes
Turn   | Place    | Note
-------+----------+-------------------------------------------
     0 | D:1      | Borgoz the Gargoyle Berserker began the quest for the Orb.
     0 | D:1      | Reached XP level 1. HP: 14/14 MP: 1/1
   219 | D:1      | Reached XP level 2. HP: 17/19 MP: 2/2
   476 | D:1      | Reached ** piety under Trog
   501 | D:1      | Reached XP level 3. HP: 21/23 MP: 3/3
  1180 | D:2      | Reached XP level 4. HP: 25/29 MP: 4/4
  1761 | D:3      | Reached skill level 4 in Fighting
  1860 | D:3      | Noticed Jessica
  1868 | D:3      | Killed Jessica
  1868 | D:3      | Reached XP level 5. HP: 30/33 MP: 5/5
  2093 | D:3      | Noticed Ijyb
  2106 | D:3      | Killed Ijyb
  2118 | D:3      | Reached *** piety under Trog
  2352 | D:3      | Found an iron altar of Okawaru.
  2356 | D:3      | Found a shattered altar of Ashenzari.
  2356 | D:3      | Found a glowing silver altar of Zin.
  2368 | D:3      | Found a hide-covered altar of Uskayaw.
  2372 | D:3      | Found a shimmering altar of Xom.
  2592 | D:4      | Found Vahifasch's Assorted Antiques.
  2645 | D:4      | Bought a scroll labeled DELAHUTUZXA for 25 gold pieces
  2690 | D:4      | Reached XP level 6. HP: 38/39 MP: 6/6
  2731 | D:4      | Found a basalt altar of Yredelemnul.
  2733 | D:4      | Found a snail-covered altar of Cheibriados.
  2971 | D:4      | Reached skill level 5 in Fighting
  2971 | D:4      | Reached XP level 7. HP: 44/44 MP: 7/7
  3217 | D:4      | Found a hazy altar of Hepliaklqana.
  3332 | D:5      | Entered Level 5 of the Dungeon
  3674 | D:5      | Found an iron altar of Okawaru.
  3706 | D:5      | Found a radiant altar of Vehumet.
  3816 | D:5      | Found a sacrificial altar of Ru.
  3929 | D:5      | Reached skill level 5 in Maces & Flails
  4109 | D:5      | Found a staircase to the Ecumenical Temple.
  4307 | D:6      | Reached skill level 5 in Armour
  4380 | D:6      | Reached **** piety under Trog
  4381 | D:6      | Found an opulent altar of Gozag.
  4396 | D:6      | Reached XP level 8. HP: 51/51 MP: 8/8
  4426 | D:6      | Reached skill level 6 in Fighting
  4671 | D:6      | Found an ornate altar of the Wu Jian Council.
  5923 | D:7      | Reached XP level 9. HP: 56/56 MP: 9/9
  6316 | D:7      | Reached skill level 7 in Fighting
  6316 | D:7      | Reached skill level 5 in Dodging
  6969 | D:8      | Got a brightly glowing chain mail
  6980 | D:8      | Identified the +2 chain mail "Ytucvy" {rElec} (You found it
                  | on level 8 of the Dungeon)
  7186 | D:8      | Noticed a hornet
  7209 | D:8      | Killed a hornet
  7457 | D:8      | Found the +5 scythe "Finisher" {speed, eviscerate}
  7506 | D:8      | HP: 2/59 [wraith (5)]
  7517 | D:8      | Reached skill level 8 in Fighting
  7558 | D:8      | Reached XP level 10. HP: 21/64 MP: 10/10
  8030 | D:9      | Noticed Erolcha
  8042 | D:9      | Killed Erolcha
  8310 | D:9      | Found a white marble altar of Elyvilon.
  8481 | D:9      | Reached skill level 9 in Fighting
  8631 | D:9      | Noticed a moth of wrath
  8815 | D:9      | Reached ***** piety under Trog
  8815 | D:9      | Received a gift from Trog
  8865 | D:9      | Found a roughly hewn altar of Beogh.
  9037 | D:9      | Found a transporter.
  9040 | D:9      | Noticed Lanoc's ghost (novice OgVM)
  9062 | D:9      | Found a transporter.
  9150 | D:10     | Entered Level 10 of the Dungeon
  9171 | D:10     | Identified the Papyrus of Earthen Darkness
  9217 | D:10     | Got a shimmering morningstar
  9218 | D:10     | Identified the +8 morningstar of Impermanence {crush, rF+
                  | rC- Dex+6 Stlth+} (You found it on level 10 of the Dungeon)
  9469 | D:10     | Killed an unseen horror
  9662 | D:10     | Reached XP level 11. HP: 58/71 MP: 11/11
  9831 | D:11     | Noticed a cyclops
  9844 | D:11     | Killed a cyclops
  9984 | D:11     | Reached skill level 10 in Fighting
 10117 | D:11     | Found a staircase to the Lair.
 10125 | D:11     | Received a gift from Trog
 10241 | D:11     | Found an ornate altar of the Wu Jian Council.
 10249 | D:11     | Noticed a brown ugly thing
 10263 | D:11     | Splashed by a brown ugly thing's acid

Levels and vault maps discovered:
D:1:      saegor_arrival_simple_b, layout_loops_ring, minmay_lizard_pond
D:2:      layout_basic
D:3:      layout_loops_ring, minmay_overflow_temple_star_hex, uniq_ijyb,
          uniq_jessica
D:4:      layout_rooms, grunt_temple_overflow_open, marbit_many_paths,
          serial_shops, nicolae_shop_statue_plus
D:5:      layout_layer_cave, kennysheep_mini_moat,
          nicolae_overflow_hidden_temple, minmay_temple_entry_statues,
          first_ration, basic_altar
D:6:      layout_layer_cave, grunt_gozag_statues, overflow_temple_1_default,
          minmay_hedge_maze
D:7:      kennysheep_steamy, layout_basic
D:8:      layout_rooms, grunt_pizzeria, minmay_guarded_unrand_finisher
D:9:      layout_roguey [special_room_orc], kennysheep_mini,
          gammafunk_ghost_berserking_beasts, minmay_unpleasant_kobolds,
          uniq_erolcha
D:10:     layout_loops_ring, grunt_potential
D:11:     layout_basic, erik_lair_orcish_takeover, orc_david_3, basic_altar,
          serial_shops, freezing_bzr

Skill      XL: |  1  2  3  4  5  6  7  8  9 10 11 |
---------------+----------------------------------+-----
Dodging        | 2 3 4 5 7 |  7.5
Armour         | 3 4 5 6 7 9 |  9.8
Fighting       | 4 5 6 8 9 10 | 10.1
Maces & Flails | 4 5 6 7 8 9 |  9.3

Action                   |  1- 3 |  4- 6 |  7- 9 | 10-12 || total
-------------------------+-------+-------+-------+-------++-------
Melee: Mace              |   118 |   139 |       |       ||   257
       Club              |       |    99 |   502 |   278 ||   879
       Morningstar       |       |       |       |   137 ||   137
Invok: Berserk           |       |     2 |     6 |     2 ||    10
       Trog's Hand       |       |       |     2 |     2 ||     4
Evoke: Wand              |       |       |       |     6 ||     6
  Use: Scroll            |       |    14 |     5 |     2 ||    21
       Potion            |       |       |     1 |       ||     1
 Stab: Sleeping          |       |       |       |     2 ||     2
  Eat: Chunk             |     1 |     7 |    14 |     7 ||    29
       Ration            |       |       |     3 |     2 ||     5
Armor: Animal skin       |     6 |       |       |       ||     6
       Scale mail        |    80 |   109 |       |       ||   189
       Ring mail         |       |    96 |   328 |   172 ||   596
Dodge: Dodged            |    88 |   232 |   360 |   267 ||   947

Table legend:
 A = Non-vault XP
 B = Vault XP
 C = Vault XP percentage of total XP
 D = Non-vault monster count
 E = Vault monster count
 F = Vault count percentage of total count
                 A         B        C        D         E       F
            +---------+---------+-------+---------+---------+-------
      Total |    7562 |    5277 |  41.1 |     210 |      67 |  24.2
            +---------+---------+-------+---------+---------+-------
        D:1 |      38 |       8 |  17.4 |      23 |       8 |  25.8
        D:2 |      64 |       0 |   0.0 |      12 |       0 |   0.0
        D:3 |     118 |      73 |  38.2 |      30 |       2 |   6.2
        D:4 |     341 |       0 |   0.0 |      31 |       0 |   0.0
        D:5 |     377 |       0 |   0.0 |      14 |       0 |   0.0
        D:6 |    1132 |       0 |   0.0 |      27 |       0 |   0.0
        D:7 |     279 |     371 |  57.1 |       6 |       2 |  25.0
        D:8 |     867 |    1483 |  63.1 |      24 |       7 |  22.6
        D:9 |     953 |    1621 |  63.0 |      13 |      33 |  71.7
       D:10 |    1484 |    1148 |  43.6 |      15 |       8 |  34.8
       D:11 |    1909 |     573 |  23.1 |      15 |       7 |  31.8
            +---------+---------+-------+---------+---------+-------
